 Dungeon Crawl Stone Soup version 0.20.0-15-g7f486f2 (webtiles) character file.

121 sankara the Twirler (level 5, -1/33 HPs)
             Began as a Gargoyle Gladiator on June 24, 2017.
             Killed by divine providence
             ... invoked by an orc priest
              (13 damage)
             ... on level 3 of the Dungeon.
             The game lasted 00:06:21 (1797 turns).

sankara the Twirler (Gargoyle Gladiator)            Turns: 1797, Time: 00:06:22

Health: -1/33      AC: 24    Str: 18    XL:     5   Next: 5%
Magic:  5/5        EV:  1    Int:  8    God:
Gold:   66         SH:  0    Dex: 12    Spells: 4/4 levels left

rFire    . . .     SeeInvis .   a - +0 quarterstaff
rCold    . . .     Gourm    .   (shield currently unavailable)
rNeg     + . .     Faith    .   e - +0 crystal plate armour
rPois    ∞         Spirit   .   c - +0 helmet
rElec    +         Reflect  .   (no cloak)
rCorr    .         Harm     .   (no gloves)
MR       .....                  i - +0 pair of boots
Stlth    ..........             (no amulet)
Regen    0.2/turn               (no ring)
MPRegen  0.1/turn               q - +4 ring of protection

@: no status effects
A: negative energy resistance 1, electricity resistance, unbreathing,
petrification resistance, rot immunity, AC +4
a: no special abilities


You were on level 3 of the Dungeon.
You were not hungry.

You visited 1 branch of the dungeon, and saw 3 of its levels.

You collected 66 gold pieces.

Inventory:

Hand Weapons
 a - a +0 quarterstaff (weapon)
Missiles
 d - 3 throwing nets (quivered)
Armour
 c - a +0 helmet (worn)
 e - a +0 crystal plate armour (worn)
 i - a +0 pair of boots (worn)
Jewellery
 q - a +4 ring of protection (right hand)
Wands
 b - a wand of paralysis (12/24)
Scrolls
 g - a scroll of enchant armour {unknown}
 k - 3 scrolls of identify {unknown}
 n - a scroll of teleportation {unknown}
 o - a scroll of remove curse {unknown}
 p - 2 scrolls of fear {unknown}
Potions
 h - a potion of curing {unknown}
 l - a potion of brilliance {unknown}
 m - a potion of mutation {unknown}
Comestibles
 f - 6 bread rations
 j - 2 royal jellies
 r - 9 chunks of flesh
 s - a meat ration


   Skills:
 + Level 3.8 Fighting
 * Level 4.6 Staves
 - Level 1.7 Throwing
 - Level 2.4 Dodging


You had 4 spell levels left.
You didn't know any spells.

Dungeon Overview and Level Annotations

Branches:
Dungeon (3/15)

Altars:


Innate Abilities, Weirdness & Mutations

You are resistant to torment.
Your stone body is resilient. (AC +4)
You are immune to poison.
You resist negative energy. (rN+)
You are resistant to electric shocks. (rElec)
You can survive without breathing.
You are immune to petrification.
You are immune to rotting.


Message History

Pain shoots through your body!
You hit the orc priest but do no damage.
The orc priest is severely wounded.
The orc priest hits you but does no damage. x2
Your crystal plate armour prevents you from hitting the orc priest.
The orc priest is severely wounded.
The orc priest hits you but does no damage. x2
You hit the orc priest.
The orc priest is almost dead.
The orc priest calls down the wrath of Beogh upon you.
Beogh smites you!
The orc priest hits you but does no damage.
Unknown command.
You are too injured to fight recklessly!
You are too injured to fight recklessly!
You hit the orc priest but do no damage.
The orc priest is almost dead.
The orc priest calls down the wrath of Beogh upon you.
Beogh smites you!
You die...

#. .# #. #.#
######## #.
####.#####....o.. #.
#.............### #.
#..#.#..##.##o#
#.##..#....... #.# #
###...o(÷....### #.#
#
#...<@o........###.#
#
#.#####.÷..#.....o.#
# ..
#.........#.##### #
# ........#..#.....#
# ..###...#..#.....#
# . #............#
#..)..##.....#
......##.....#
##.....########


You could see 2 orc priests.

Vanquished Creatures
  Robin (D:2)
  3 adders (D:2)
  An ooze (D:2)
  A worm (D:2)
  3 leopard geckos
  3 orcs (D:2)
  7 bats
  16 goblins
  7 hobgoblins
  8 jackals (D:1)
  5 kobolds
  A quokka (D:3)
  3 frilled lizards
  5 rats
64 creatures vanquished.

Notes
Turn   | Place    | Note
-------+----------+-------------------------------------------
     0 | D:1      | sankara the Gargoyle Gladiator began the quest for the Orb.
     0 | D:1      | Reached XP level 1. HP: 12/12 MP: 1/1
    75 | D:1      | Reached XP level 2. HP: 12/18 MP: 2/2
   565 | D:1      | Reached XP level 3. HP: 21/22 MP: 3/3
   897 | D:2      | Reached skill level 4 in Staves
   912 | D:2      | Reached XP level 4. HP: 26/28 MP: 4/4
  1109 | D:2      | Noticed Robin
  1124 | D:2      | Killed Robin
  1678 | D:2      | Reached XP level 5. HP: 22/33 MP: 5/5
  1797 | D:3      | Killed from afar by an orc priest

Skill      XL: |  1  2  3 |
---------------+----------+-----
Fighting       | 3 |  3.8
Staves         | 4 |  4.6
Throwing       | |  1.7
Dodging        | |  2.4

Action                   |  1- 3 |  4- 6 || total
-------------------------+-------+-------++-------
Melee: Quarterstaff      |   128 |   118 ||   246
  Eat: Chunk             |       |     3 ||     3
Armor: Crystal plate arm |   147 |   156 ||   303
Dodge: Dodged            |    11 |     6 ||    17
